 Dungeon Crawl Stone Soup version 0.28.0-53-g5a82cb258f (webtiles) character file.

Game seed: 14670816342577629771

74 Peloso the Covered (level 4, 0/40 HPs)
             Began as a Minotaur Fighter on June 1, 2022.
             Succumbed to an orc wizard's poison
             ... on level 3 of the Dungeon on June 2, 2022.
             The game lasted 00:05:08 (1720 turns).

Peloso the Covered (Minotaur Fighter)               Turns: 1720, Time: 00:05:09

Health: 0/40       AC:  8    Str: 18 (20) XL:     4   Next: 9%
Magic:  3/3        EV:  9    Int:  4 (5)  God:
Gold:   90         SH:  4    Dex: 11 (12) Spells: 3/3 levels left

rFire   . . .      SeeInvis .   a - +0 long sword
rCold   . . .      Faith    .   c - +0 buckler
rNeg    . . .      Spirit   .   b - +0 scale mail
rPois   +          Reflect  .   (helmet restricted)
rElec   .          Harm     .   g - +0 cloak
rCorr   .          Rampage  .   (no gloves)
Will    .....                   (no boots)
Stlth   ..........              (no amulet)
HPRegen 0.13/turn               e - ring of poison resistance
MPRegen 0.08/turn               (no ring)

@: lethally poisoned (0 -> -7)
A: horns 2, retaliatory headbutt
a: no special abilities


You were on level 3 of the Dungeon.
You visited 1 branch of the dungeon, and saw 3 of its levels.

You collected 90 gold pieces.

Inventory:

Hand Weapons
 a - a +0 long sword (weapon)
Armour
 b - a +0 scale mail (worn)
 c - a +0 buckler (worn)
 g - a +0 cloak (worn)
Jewellery
 e - a ring of poison resistance (left hand)
Scrolls
 f - 5 scrolls of identify {unknown}
 h - a scroll of enchant weapon {unknown}
Potions
 d - a potion of might


   Skills:
 + Level 4.1 Fighting
 + Level 3.4 Long Blades
 + Level 4.5 Armour
 + Level 1.1 Dodging
 + Level 3.9 Shields


You had 3 spell levels left.
You didn't know any spells.
Your spell library contained the following spells:

 Spells                   Type           Power      Damage    Failure   Level
 Freeze                   Ice            0%         1d3       92%         1
 Frozen Ramparts          Ice            0%         1d2       100%        3
 Hailstorm                Conj/Ice       0%         3d3       100%        4


Dungeon Overview and Level Annotations

Branches:
Dungeon (3/15)

Altars:


Innate Abilities, Weirdness & Mutations

You have a pair of horns on your head.
You reflexively headbutt those who attack you in melee.


Message History

You feel sick. You block the orc's attack.
You hit the orc.
The orc is almost dead.
You feel sick. The orc hits you with a +0 flail.
You hit the orc.
You kill the orc!
You feel sick.
The orc wizard gestures at you while chanting.
The magic dart hits you!
* * * LOW HITPOINT WARNING * * *
You closely miss the orc wizard. Your headbutt misses the orc wizard.
The orc wizard is severely wounded.
You feel sick.
You are no longer poisoned.
The orc wizard hits you with a +1 dagger of venom.
* * * LOW HITPOINT WARNING * * *
You barely miss the orc wizard.
The orc wizard is severely wounded.
The orc wizard casts a spell.
The orc wizard flickers and vanishes!
Deactivating autopickup; reactivate with Ctrl-A.
You closely miss something. Something hits you but does no damage.
You miss something.
Something hits you but does no damage. x2
You barely miss something. Your headbutt misses something.
Something hits you but does no damage.
You hit something but do no damage.
You hear some strange, mumbled words.
A puff of flame appears from out of thin air!
The puff of flame hits you.
* * * LOW HITPOINT WARNING * * *
You miss something. Something hits you but does no damage.
You are lethally poisoned!
You miss something.
* * * LOW HITPOINT WARNING * * *
You feel very sick. Something hits you but does no damage. Something hits you.
* * * LOW HITPOINT WARNING * * *
Unknown command.
You miss something. You headbutt something.
You die... ...#####.. .........# ... ##.#### #.. #.#.## #.. .###.# #.. ..#..# #... ..## ##.#.# ... oo#

#.#.# ... #{#
##.#.#.# #.# #@#
#......# #.# #.#
...#.### #.#####.##.#
#.##.# ###....†.....#
...#.###.....###.####
.........#'#..##.#
...#....##.##....#
........#... ......
#.....####+####..#.#


You could see 2 orcs.

Vanquished Creatures
  A centaur zombie (D:3)
  A worm (D:3)
  An orc (D:3)
  7 bats
  2 endoplasms (D:1)
  3 hobgoblins
  2 jackals (D:1)
  3 quokkas
  5 ball pythons
  2 frilled lizards
  5 goblins
  5 kobolds
  3 rats
40 creatures vanquished.

Notes
Turn   | Place    | Note
-------+----------+-------------------------------------------
     0 | D:1      | Peloso the Minotaur Fighter began the quest for the Orb.
     0 | D:1      | Reached XP level 1. HP: 19/19 MP: 0/0
    81 | D:1      | Reached XP level 2. HP: 27/27 MP: 1/1
   972 | D:1      | Found a faded altar of an unknown god.
  1128 | D:2      | Reached XP level 3. HP: 33/33 MP: 2/2
  1483 | D:3      | Reached skill level 1 in Dodging
  1689 | D:3      | Reached XP level 4. HP: 40/40 MP: 3/3
  1719 | D:3      | HP: 2/40 [something (1)]
  1720 | D:3      | Succumbed to an orc wizard's poison

Illustrated notes

Levels and vault maps discovered:
D:1:      minmay_arrival_hallway, layout_loops_ring,
          shapermc_ecumenical_altar_mp_vishouse
D:2:      layout_rooms
D:3:      cheibrodos_greedy_goblins, layout_loops_ring, ebering_ghost_gozag

Skill      XL: |  1  2  3 |
---------------+----------+-----
Fighting       | 4 |  4.1
Long Blades    | 3 |  3.4
Armour         | 4 |  4.5
Dodging        | 1 |  1.1
Shields        | |  3.9

Action                   |  1- 3 |  4- 6 || total
-------------------------+-------+-------++-------
Melee: Long sword        |    86 |    18 ||   104
       Headbutt          |     4 |     2 ||     6
  Use: Potion            |     5 |       ||     5
Armor: Scale mail        |    54 |    12 ||    66
Dodge: Dodged            |    53 |     3 ||    56
Block: Buckler           |    21 |     2 ||    23
